 Dungeon Crawl Stone Soup version 0.25-a0-890-g62861fb195 (webtiles) character file.

Game seed: 7695757975126050203, levelgen mode: deterministic

1158 mortelune the Archer (level 8, -6/73 HPs)
             Began as a Centaur Hunter on May 2, 2020.
             Killed from afar by Pikel (8 damage)
             ... with a bolt of acid
             ... on level 4 of the Dungeon.
             The game lasted 00:13:08 (7027 turns).

mortelune the Archer (Centaur Hunter)               Turns: 7027, Time: 00:13:08

Health: -6/73      AC:  6    Str: 18    XL:     8   Next: 16%
Magic:  8/8        EV:  8    Int: 10    God:
Gold:   132        SH:  0    Dex:  9    Spells: 7/7 levels left

rFire    . . .     SeeInvis .   b - +3 whip
rCold    . . .     Gourm    .   (no shield)
rNeg     . . .     Faith    .   o - +0 ring mail
rPois    .         Spirit   .   v - +0 helmet
rElec    .         Reflect  .   d - +1 cloak
rCorr    .         Harm     .   q - +0 pair of gloves
MR       .....                  (no barding)
Stlth    ..........             (no amulet)
HPRegen  0.22/turn              j - +5 ring of protection
MPRegen  0.11/turn              (no ring)

@: corroded, very quick
A: large, hooves 3, deformed body, speed 2, tough skin 3
a: no special abilities


You were on level 4 of the Dungeon.
You were not hungry.

You visited 1 branch of the dungeon, and saw 5 of its levels.

You collected 132 gold pieces.

Inventory:

Hand Weapons
 a - a +1 shortbow
 b - a +3 whip (weapon)
 e - a +0 short sword
Armour
 d - a +1 cloak (worn)
 o - a +0 ring mail (worn)
 q - a +0 pair of gloves (worn)
 v - a +0 helmet (worn)
Jewellery
 j - a +5 ring of protection (left hand)
Scrolls
 f - a scroll of fog
 h - 5 scrolls of remove curse
 i - a scroll of identify
 m - a scroll of immolation
 s - a scroll of magic mapping
 t - 2 scrolls of teleportation
Potions
 c - 2 potions of might
 g - 2 potions of ambrosia
 n - a potion of haste {unknown}
 p - a potion of cancellation {unknown}
Comestibles
 k - 4 rations


   Skills:
 + Level 7.0 Fighting
 * Level 2.1 Maces & Flails
 - Level 9.9 Bows
 - Level 1.3 Dodging
 - Level 0.4 Stealth


You had 7 spell levels left.
You didn't know any spells.
Your spell library was empty.

Dungeon Overview and Level Annotations

Branches:
Dungeon (5/15)
 Temple: D:4-7

Altars:

Annotations:
D:3 1 runed translucent door, Crazy Yiuf
D:4 Menkaure, Pikel


Innate Abilities, Weirdness & Mutations

You have hooves in place of feet.
Armour fits poorly on your strangely shaped body.
You cover ground very quickly.
You have extremely tough skin. (AC +3)


Message History

You miss Pikel. Your kick misses Pikel.
Pikel is moderately wounded.
Pikel hits you but does no damage.
You hit Pikel but do no damage.
Pikel is moderately wounded.
Pikel hits you with a +0 whip of freezing.
Pikel freezes you.
You hit Pikel. You kick Pikel, but do no damage.
Pikel is moderately wounded.
Pikel barely misses you.
You hit Pikel but do no damage.
Pikel is moderately wounded.
Pikel zaps a wand.
The bolt of acid hits you!!
* * * LOW HITPOINT WARNING * * *
The acid corrodes you!
You are splashed with acid!
* * * LOW HITPOINT WARNING * * *
There is a stone staircase leading up here.
Pikel says, "You'll fetch a fair price!"
Pikel zaps a wand.
The bolt of acid hits you!
You die...

..# ###.....#..#######.# ..#
####.#.#...#..........# ..#
#######....#.#...#.########## ..#
#..........#.#...#.# ..#
#.....(..........#.#########
..###............##.##.........#
.................##....#######'##
.....####........###.............
.....####.#.#..K@#####.#..#......
.....#....................+......
.......##.#....[..###..#.##......
......>[.........................
#.....###......###.......#.##....
#####.###......##......###.##....
#####.#..............#####.##....
....#.#.##.#..##............'....
##>##.#....#..##...........##....


You could see Pikel.

Vanquished Creatures
  Grinder (D:3)
  2 sky beasts
  An ice beast (D:3)
  2 slaves
  A phantom (D:3)
  An ogre (D:4)
  A scorpion (D:4)
  3 howler monkeys (D:4)
  2 hounds (D:4)
  An orc wizard (D:4)
  2 iguanas (D:4)
  3 worker ants
  A hound skeleton (D:4)
  Robin (D:4)
  5 adders
  An adder skeleton (D:4)
  2 worms
  2 dart slugs
  4 leopard geckos
  23 orcs
  15 goblins
  11 hobgoblins
  A jackal (D:3)
  4 quokkas
  8 bats
  6 frilled lizards
  4 kobolds
  4 rats
112 creatures vanquished.

Notes
Turn   | Place    | Note
-------+----------+-------------------------------------------
     0 | D:1      | mortelune the Centaur Hunter began the quest for the Orb.
     0 | D:1      | Reached XP level 1. HP: 17/17 MP: 1/1
   272 | D:1      | Reached XP level 2. HP: 21/25 MP: 2/2
   806 | D:2      | Reached skill level 6 in Bows
   972 | D:2      | Reached XP level 3. HP: 30/30 MP: 3/3
  2234 | D:3      | Reached XP level 4. HP: 38/38 MP: 4/4
  2633 | D:3      | Found a runed translucent door.
  2634 | D:3      | Noticed Crazy Yiuf
  2983 | D:4      | Reached skill level 7 in Bows
  2983 | D:4      | Reached XP level 5. HP: 46/46 MP: 5/5
  3023 | D:4      | Noticed Grinder
  3039 | D:3      | Paralysed by Grinder for 5 turns
  3049 | D:3      | Killed Grinder
  3049 | D:3      | Reached skill level 5 in Fighting
  3049 | D:3      | Reached skill level 8 in Bows
  3049 | D:3      | Reached XP level 6. HP: 32/56 MP: 6/6
  3680 | D:4      | Reached XP level 7. HP: 36/61 MP: 7/7
  3820 | D:4      | Noticed Robin
  3979 | D:4      | Reached skill level 9 in Bows
  4270 | D:4      | Killed Robin
  4657 | D:5      | Entered Level 5 of the Dungeon
  4657 | D:5      | Noticed Menkaure
  4713 | D:5      | Noticed Pikel
  5730 | D:4      | HP: 2/64 [Menkaure (7)]
  6212 | D:4      | Reached skill level 1 in Maces & Flails
  6212 | D:4      | Reached XP level 8. HP: 37/71 MP: 8/8
  7025 | D:4      | HP: 2/73 [acid (13)]
  7027 | D:4      | Killed from afar by Pikel

Levels and vault maps discovered:
D:1:      ebering_hopf_link, layout_loops_cross
D:2:      layout_basic
D:3:      layout_rooms, uniq_crazy_yiuf_cottage
D:4:      layout_basic, uniq_robin, uniq_grinder
D:5:      layout_rooms, first_ration, minivault_19, uniq_menkaure, uniq_pikel

Skill      XL: |  1  2  3  4  5  6  7  8 |
---------------+-------------------------+-----
Bows           | 6 7 8 9 |  9.9
Fighting       | 3 4 5 6 7 |  7.0
Maces & Flails | 1 2 |  2.1
Dodging        | |  1.3
Stealth        | |  0.4

Action                   |  1- 3 |  4- 6 |  7- 9 || total
-------------------------+-------+-------+-------++-------
Melee: Whip              |   111 |    96 |   183 ||   390
       Kick              |    17 |    23 |    38 ||    78
 Fire: Shortbow          |    25 |    63 |    12 ||   100
  Use: Scroll            |       |     8 |     1 ||     9
       Potion            |       |       |     2 ||     2
  Eat: Chunk             |     3 |     4 |     3 ||    10
       Ration            |       |       |     2 ||     2
Armor: Leather armour    |    37 |       |       ||    37
       Ring mail         |    54 |    54 |   126 ||   234
Dodge: Dodged            |    65 |    42 |    86 ||   193

Table legend:
 A = Non-vault XP
 B = Vault XP
 C = Vault XP percentage of total XP
 D = Non-vault monster count
 E = Vault monster count
 F = Vault count percentage of total count
                 A         B        C        D         E       F
            +---------+---------+-------+---------+---------+-------
      Total |    1354 |     301 |  18.2 |      98 |      12 |  10.9
            +---------+---------+-------+---------+---------+-------
        D:1 |      26 |       0 |   0.0 |      15 |       0 |   0.0
        D:2 |      69 |       0 |   0.0 |      23 |       0 |   0.0
        D:3 |     473 |     271 |  36.4 |      33 |       3 |   8.3
        D:4 |     786 |      30 |   3.7 |      27 |       9 |  25.0
            +---------+---------+-------+---------+---------+-------
